 Seeded DCSS version 0.29.1-2-gbd0b4ee654 (webtiles) character file.

Game seed: 19941 (custom seed)

203172 Ashen the Gelid (level 17, -2/135 HPs)
             Began as a Demonspawn Ice Elementalist on Oct 28, 2022.
             Was the Champion of Vehumet.
             Slain by an emperor scorpion simulacrum (17 damage)
             ... on level 4 of the Spider Nest on Oct 29, 2022.
             The game lasted 02:23:28 (44133 turns).

Ashen the Gelid (Demonspawn Ice Elementalist)      Turns: 44133, Time: 02:23:29

Health: -2/135     AC:  8    Str:  8 (10) XL:     17   Next: 97%
Magic:  21/45      EV: 19    Int: 26 (28) God:    Vehumet [******]
Gold:   1750       SH:  6    Dex:  8 (10) Spells: 8/46 levels left

rFire   + + +      SeeInvis +   n - +6 rapier (venom)
rCold   . . .      Faith    .   V - +0 buckler "Uczin" {rF++ Str+2}
rNeg    + . .      Spirit   .   B - +1 leather armour "Jufiosk" {+Blink rPois rN+ rCorr}
rPois   +          Reflect  .   O - +0 hat "Nafusaluo" {rElec rF+ Will+++ Str-2}
rElec   +          Harm     .   (cloak unavailable)
rCorr   +          Rampage  .   T - +2 pair of gloves
Will    +++++                   J - +0 pair of boots "Wuen" {Will+ Int+2 Dex-4}
Stlth   +++.......              Y - amulet "Okhor" {RegenMP Int+3 Stlth+}
HPRegen 5.32/turn               N - ring of magical power
MPRegen 0.69/turn               K - ring of see invisible

@: mighty, agile, marked
A: powered by death 2, powered by pain 1, augmentation 1, sturdy frame 3,
weakness stinger 3
}: 1/15 runes: barnacled
a: Renounce Religion, Evoke Blink


You were on level 4 of the Spider Nest.
You worshipped Vehumet.
Vehumet was exalted by your worship.
You visited 6 branches of the dungeon, and saw 31 of its levels.
You also visited: Bailey and Gauntlet.

You collected 3144 gold pieces.
You spent 1394 gold pieces at shops.

Inventory:

Hand Weapons
 n - a +6 rapier of venom (weapon)
Missiles
 L - 18 javelins
 R - 5 silver javelins
Armour
 j - a +2 pair of boots of rampaging
 B - the +1 leather armour "Jufiosk" (worn) {+Blink rPois rN+ rCorr}
   (You bought it in a shop on level 1 of the Dungeon)

   rPois:     It protects you from poison.
   rN:        It protects you from negative energy.
   +Blink:    It lets you blink.
   rCorr:     It protects you from acid and corrosion.
 J - the +0 pair of boots "Wuen" (worn) {Will+ Int+2 Dex-4}
   (You found it on level 3 of the Spider Nest)

   Int:       It affects your intelligence (+2).
   Dex:       It affects your dexterity (-4).
   Will:      It increases your willpower.
 O - the +0 hat "Nafusaluo" (worn) {rElec rF+ Will+++ Str-2}
   (You found it in a Gauntlet)

   Str:       It affects your strength (-2).
   rF:        It protects you from fire.
   rElec:     It insulates you from electricity.
   Will:      It greatly increases your willpower.
 T - a +2 pair of gloves (worn)
 V - the +0 buckler "Uczin" (worn) {rF++ Str+2}
   (You found it in a Gauntlet)

   Str:       It affects your strength (+2).
   rF:        It greatly protects you from fire.
Jewellery
 K - a ring of see invisible (right hand)
 N - a ring of magical power (left hand)
 Y - the amulet "Okhor" (around neck) {RegenMP Int+3 Stlth+}
   (You found it on level 2 of the Lair of Beasts)

   [amulet of magic regeneration]

   It increases your rate of magic regeneration.
   Int:       It affects your intelligence (+3).
   Stlth:     It makes you more stealthy.
Wands
 f - a wand of acid (8)
 u - a wand of digging (18)
 P - a wand of flame (40)
 Q - a wand of iceblast (20)
 S - a wand of mindburst (5)
Scrolls
 a - 10 scrolls of amnesia
 c - 2 scrolls of vulnerability
 g - a scroll of fear
 h - 5 scrolls of enchant armour
 m - a scroll of summoning
 o - 2 scrolls of torment
 x - 5 scrolls of poison
 y - 8 scrolls of teleportation
 A - 9 scrolls of butterflies
 C - 3 scrolls of acquirement
 F - 13 scrolls of identify
 H - 4 scrolls of magic mapping
 M - 6 scrolls of immolation
 W - 2 scrolls of blinking
 X - 3 scrolls of brand weapon
Potions
 b - a potion of magic
 l - 14 potions of curing
 p - 4 potions of haste
 q - 4 potions of brilliance
 r - 4 potions of lignification
 v - 7 potions of flight
 w - 4 potions of might
 D - 6 potions of attraction
 E - a potion of ambrosia
 G - 2 potions of mutation
 I - 4 potions of cancellation
 Z - 2 potions of resistance
Miscellaneous
 e - a tin of tremorstones (2/2)
 i - a condenser vane
 k - a phial of floods
 s - a lightning rod (4/4)
 U - a phantom mirror


   Skills:
 + Level 12.6 Fighting
 + Level 12.2 Dodging
 - Level 5.0 Stealth
 - Level 10.0 Shields
 - Level 15.0 Spellcasting
 - Level 10.0 Conjurations
 + Level 16.4 Ice Magic
 - Level 5.0 Evocations


You had 8 spell levels left.
You knew the following spells:

 Your Spells              Type           Power      Damage    Failure   Level
a - Freeze                Ice            100%       1d11      0%          1
b - Frozen Ramparts       Ice            100%       1d16      0%          3
c - Ozocubu's Armour      Ice            81%        N/A       0%          3
d - Hailstorm             Conj/Ice       73%        3d15      1%          4
e - Stone Arrow           Conj/Erth      90%        3d12      1%          3
f - Freezing Cloud        Conj/Ice/Air   30%        6-21      1%          5
g - Fireball              Conj/Fire      22%        3d10      3%          5
h - Ozocubu's Refrigerat  Ice            40%        4d16      1%          7
i - Spellforged Servitor  Conj/Summ      22%        N/A       63%         7

Your spell library contained the following spells:

 Spells                   Type           Power      Damage    Failure   Level
 Polar Vortex             Ice            40%        N/A       65%         9
 Chain Lightning          Conj/Air       22%        3d30      100%        9
 Fire Storm               Conj/Fire      22%        8d6       100%        9
 Sandblast                Erth           38%        2d10      1%          1
 Ensorcelled Hibernation  Hex/Ice        100%       N/A       1%          2
 Poisonous Vapours        Pois/Air       38%        N/A       1%          2
 Conjure Flame            Conj/Fire      45%        6-21      1%          3
 Mephitic Cloud           Conj/Pois/Air  36%        N/A       1%          3
 Sticky Flame             Conj/Fire      45%        2d6       1%          4
 Ignite Poison            Fire/Tmut/Pois 19%        N/A       2%          3
 Apportation              Tloc           38%        N/A       3%          1
 Necrotise                Necr           76%        1d7       3%          1
 Slow                     Hex            76%        N/A       3%          1
 Sting                    Tmut/Pois      76%        1d6       3%          1
 Summon Small Mammal      Summ           76%        N/A       3%          1
 Irradiate                Conj/Tmut      22%        3d19      3%          5
 Passwall                 Tmut/Erth      15%        N/A       4%          2
 Olgreb's Toxic Radiance  Pois           19%        N/A       9%          4
 Call Canine Familiar     Summ           19%        N/A       10%         3
 Confusing Touch          Hex            19%        N/A       10%         3
 Portal Projectile        Hex/Tloc       38%        N/A       10%         3
 Spider Form              Tmut/Pois      19%        N/A       10%         3
 Summon Guardian Golem    Hex/Summ       19%        N/A       10%         3
 Tukima's Dance           Hex            19%        N/A       10%         3
 Vampiric Draining        Necr           19%        2d7       10%         3
 Starburst                Conj/Fire      22%        6d8       17%         6
 Lee's Rapid Deconstruct  Erth           9%         3d8*      22%         5
 Anguish                  Hex/Necr       9%         N/A       32%         4
 Animate Dead             Necr           19%        N/A       32%         4
 Corpse Rot               Necr/Pois/Air  19%        N/A       32%         4
 Leda's Liquefaction      Hex/Erth       9%         N/A       32%         4
 Petrify                  Tmut/Erth      19%        N/A       32%         4
 Summon Lightning Spire   Summ/Air       19%        N/A       32%         4
 Blade Hands              Tmut           9%         N/A       65%         5
 Statue Form              Tmut/Erth      12%        N/A       99%         6
 Dragon Form              Tmut           9%         N/A       100%        7
 Haunt                    Necr/Summ      9%         N/A       100%        7
 Storm Form               Tmut/Air       9%         N/A       100%        7
 Ignition                 Fire           9%         3d5       100%        8
 Infestation              Necr           9%         N/A       100%        8
 Maxwell's Capacitive Co  Air            9%         ∞         100%        8


Dungeon Overview and Level Annotations

Branches:
Dungeon (15/15)            Temple (1/1) D:5            Lair (5/5) D:9
 Shoals (4/4) Lair:3       Spider (4/4) Lair:2        Slime (0/5) Lair:4
    Orc (2/2) D:10            Elf (0/3) Orc:2        Vaults (0/5) D:13
 Depths (0/4) D:15         Bailey (visited)         Gauntlet (visited)

Altars:
Ashenzari
Cheibriados
Dithmenos
Fedhas
Gozag
Hepliaklqana
Kikubaaqudgha
Makhleb
Nemelex Xobeh
Okawaru
Qazlal
Ru
Sif Muna
Trog
Uskayaw
Vehumet
Wu Jian
Xom
Yredelemnul
Jiyva
Lugonu

Shops:
D:1 ([*   D:3 *   D:5 :   D:6 *   D:9 *   D:10 *   D:11 =   D:15 [   Orc:1 ::
Orc:2 ?*[[   Shoals:1 [

Annotations:
Lair:2 3 runed translucent doors, diceflayer's ghost, journeyman DsFi
Shoals:2 2 transporters, Coyote68's ghost, journeyman BaFi


Innate Abilities, Weirdness & Mutations

You regenerate health from kills.
You sometimes gain a little power by taking damage.
Your magical and physical power is slightly enhanced at high health.
Your movements are significantly less encumbered by armour. (ER -6)
You have a sharp stinger which inflicts weakening toxins.


Message History

You feel your strength returning.
Press: ? - help, v - describe, . - travel
Here: an emperor scorpion (almost dead, soul bound, very poisoned)
The floor.
You hit the emperor scorpion but do no damage.
The emperor scorpion is almost dead.
The emperor scorpion stings you!!
You focus on the pain.
You feel very mighty all of a sudden.
The emperor scorpion closely misses you.
The emperor scorpion claws you but does no damage.
A meliai comes into view. It is wielding a +0 war axe.
The emperor scorpion stings you! The emperor scorpion claws you.
The emperor scorpion misses you.
Casting: Ozocubu's Refrigeration (dangerous; 1% risk of failure)
Confirm with . or Enter, or press ? or * to list all spells.
The heat is drained from your surroundings.
You kill the meliai!
Vehumet accepts your kill.
The meliai is almost dead.
You kill the emperor scorpion!
Vehumet accepts your kill.
You feel your power returning.
A freezing mist starts to gather...
An emperor scorpion simulacrum comes into view.
Casting: Ozocubu's Refrigeration (dangerous; 1% risk of failure)
Confirm with . or Enter, or press ? or * to list all spells.
Aiming: Fireball (dangerous; 3% risk of failure)
Press: ? - help, Shift-Dir - straight line
Okay, then.
The emperor scorpion simulacrum hits you!
The emperor scorpion simulacrum freezes you!!!
You focus on the pain.
You feel agile all of a sudden.
The emperor scorpion simulacrum claws you.
The emperor scorpion simulacrum freezes you!!
* * * LOW HITPOINT WARNING * * *
You focus on the pain.
You feel your power returning.
The emperor scorpion simulacrum claws you.
* * * LOW HITPOINT WARNING * * *
The emperor scorpion simulacrum freezes you!
You die...

##........#†......
#........)|.....^.
##....#.#^...^#.#.
####.....###<...#..#
##.^##^...##....##... #
#........##....(.#..^ ..
####^.............##...
...#..#..Z..^^............
........Z@........#....^..
......#...........##^.....
#.......†Z.#^#.^#####.^#..
##...y....###### ######
#..)†.#### #..†...
...##....# .. .....# .
....^.#


You could see a meliai, 2 tarantella simulacra and an emperor scorpion
simulacrum.

Vanquished Creatures
  Arachne (Spider:4)
  2 sphinxes (Shoals:4)
  Kirke (Lair:4)
  2 emperor scorpions
  Louise (Spider:1)
  An orc warlord (Orc:2)
  3 ghost moths (Spider:3)
  4 broodmothers
  A dire elephant (Gauntlet)
  4 entropy weavers
  3 minotaurs
  Azrael (D:13)
  2 fire dragons (Lair:5)
  2 ettins
  Josephine (Shoals:1)
  3 merfolk impalers (Shoals:4)
  An ice dragon (D:13)
  6 boulder beetles
  2 hydras
  An ogre mage (Orc:2)
  A jorogumo (Spider:3)
  11 two-headed ogres
  2 merfolk aquamancers
  5 centaur warriors
  11 death yaks
  12 satyrs (Shoals:4)
  An alligator snapping turtle (Shoals:3)
  6 orc high priests
  A soul eater (Gauntlet)
  2 sun moths (Spider:4)
  3 pharaoh ants
  3 orb spiders
  2 deep trolls (D:15)
  3 steelbarb worms (Spider:2)
  7 sea snakes
  A swamp dragon (Lair:5)
  2 lindwurms (Lair:5)
  A necromancer (D:13)
  2 wizards (D:15)
  4 deep elf pyromancers
  11 harpies
  27 manticores
  16 wolf spiders
  13 fauns
  6 orc sorcerers
  An oklob plant (D:9)
  6 orc knights
  4 ugly things
  17 elephants
  A black mamba (Lair:3)
  4 moths of wrath
  7 cyclopes
  5 merfolk sirens
  8 water nymphs
  A cane toad (shapeshifter) (D:13)
  2 gargoyles
  10 torpor snails
  15 cane toads
  2 unseen horrors
  3 rime drakes (Lair:5)
  9 demonic crawlers
  3 kobold demonologists (D:10)
  11 komodo dragons
  A tengu conjurer (D:15)
  6 trolls
  Prince Ribbit (Lair:3)
  2 meliai
  3 tyrant leeches (Lair:5)
  21 merfolk
  3 polar bears
  26 blink frogs
  21 tarantellas
  4 wind drakes
  8 hornets
  17 dream sheep
  9 snapping turtles
  11 slime creatures
  14 culicivoras
  8 wraiths
  27 jumping spiders
  7 basilisks
  4 wyverns
  A vampire (D:8)
  7 hogs (Lair:4)
  9 water elementals
  23 yaks
  2 steam dragons (Lair:5)
  54 redbacks
  6 fire elementals (D:13)
  5 wargs
  Menkaure (D:6)
  Duvessa (D:4)
  12 water moccasins
  4 acid dragons
  A hell hound (D:13)
  2 swamp drakes (Lair:5)
  46 orc warriors
  3 ice beasts
  6 black bears
  5 wolves
  15 ogres
  9 centaurs
  2 kobold brigands (D:9)
  A wyvern zombie (D:7)
  3 scorpions
  14 bullfrogs
  2 gnoll sergeants
  2 necrophages
  4 wights
  Dowan (D:4)
  An oklob sapling (D:9)
  8 killer bees (D:11)
  5 electric eels
  3 howler monkeys (D:10)
  2 centaur zombies (D:7)
  A bullfrog zombie (D:7)
  7 jellies
  4 hounds
  27 orc priests
  A gnoll bouda (Orc:1)
  5 iguanas
  28 orc wizards
  2 killer bee zombies (D:7)
  15 adders
  19 gnolls
  4 shadow imps (Gauntlet)
  2 white imps
  An ufetubus (D:5)
  2 worms (D:3)
  5 dart slugs
  131 orcs
  9 endoplasms
  4 giant cockroaches
  15 goblins
  12 hobgoblins
  14 kobolds
  2 quokkas (D:1)
  11 ball pythons
  7 bats
  6 frilled lizards
  14 rats
  A butterfly (Lair:5)
1106 creatures vanquished.

Vanquished Creatures (others)
  A shadow wraith (D:13)
  A gnoll (Orc:1)
  A bush (Lair:4)
  54 fungi
  272 plants
329 creatures vanquished.

Grand Total: 1435 creatures vanquished

Notes
Turn   | Place    | Note
-------+----------+-------------------------------------------
     0 | D:1      | Ashen the Demonspawn Ice Elementalist began the quest for
                  | the Orb.
     0 | D:1      | Reached XP level 1. HP: 13/13 MP: 3/3
   167 | D:1      | Gained mutation: Your movements are slightly less
                  | encumbered by armour. (ER -2) [demonic ancestry]
   167 | D:1      | Reached XP level 2. HP: 17/20 MP: 1/5
   345 | D:1      | Found a faded altar of an unknown god.
   402 | D:1      | Found Riotof's Antique Weapon Shop.
   653 | D:1      | Reached skill level 1 in Fighting
   860 | D:1      | Found Vypiut's Assorted Antiques.
   868 | D:1      | Gained mutation: You have a small tail. [demonic ancestry]
   868 | D:1      | Reached XP level 3. HP: 26/26 MP: 6/6
   870 | D:1      | Found Marruhor's Antique Armour Shoppe.
  1208 | D:2      | Learned a level 3 spell: Frozen Ramparts
  1533 | D:2      | Reached XP level 4. HP: 32/32 MP: 1/7
  1695 | D:2      | Reached skill level 4 in Ice Magic
  1918 | D:2      | Learned a level 3 spell: Ozocubu's Armour
  2245 | D:3      | Found a blossoming altar of Fedhas.
  2447 | D:3      | Found a hazy altar of Hepliaklqana.
  2450 | D:3      | Found Deropsou's Assorted Antiques.
  2572 | D:4      | Noticed Duvessa
  2572 | D:4      | Noticed Dowan
  2631 | D:4      | Gained mutation: You regenerate a little health from kills.
                  | [demonic ancestry]
  2631 | D:4      | Reached XP level 5. HP: 38/38 MP: 9/9
  2912 | D:4      | Killed Duvessa
  2913 | D:4      | Gained mutation: You regenerate health from kills. [demonic
                  | ancestry]
  2913 | D:4      | Reached XP level 6. HP: 19/46 MP: 10/10
  3532 | D:4      | Killed Dowan
  4057 | D:5      | Entered Level 5 of the Dungeon
  4136 | D:5      | Reached XP level 7. HP: 52/52 MP: 5/12
  4335 | D:5      | Found Neanacku's Book Shoppe.
  4346 | D:5      | Found a large runed translucent door.
  4420 | D:5      | Found a staircase to the Ecumenical Temple.
  4458 | Temple   | Entered the Ecumenical Temple
  4936 | D:5      | Found a large runed translucent door.
  5056 | D:5      | Found a bloodstained altar of Trog.
  5070 | D:5      | Found a radiant altar of Vehumet.
  5076 | D:5      | Reached skill level 5 in Ice Magic
  5076 | D:5      | Became a worshipper of Vehumet
  5158 | D:6      | Found Imosk's Fire Supplies.
  5452 | D:6      | Found a sparkling altar of Nemelex Xobeh.
  5688 | D:6      | Gained mutation: Your movements are less encumbered by
                  | armour. (ER -4) [demonic ancestry]
  5688 | D:6      | Reached XP level 8. HP: 59/60 MP: 14/14
  5775 | D:6      | Noticed Menkaure
  5785 | D:6      | Killed Menkaure
  6336 | D:7      | Found a shimmering altar of Xom.
  6336 | D:7      | Found a shimmering altar of Xom.
  6336 | D:7      | Found a shimmering altar of Xom.
  6336 | D:7      | Found a shimmering altar of Xom.
  6502 | D:1      | Bought a jewelled leather armour for 210 gold pieces
  6502 | D:1      | Identified the +1 leather armour "Jufiosk" {+Blink rPois
                  | rN+ rCorr} (You bought it in a shop on level 1 of the
                  | Dungeon)
  6512 | D:1      | Bought a scroll labelled USU WATWOGES for 30 gold pieces
  6512 | D:1      | Bought a fizzy clear potion for 27 gold pieces
  6512 | D:1      | Bought a scroll labelled QULABURGHOMI for 30 gold pieces
  6798 | D:3      | Reached * piety under Vehumet
  6798 | D:3      | Offered knowledge of Shock by Vehumet.
  6804 | D:3      | Learned a level 4 spell: Hailstorm
  7435 | D:7      | Reached skill level 1 in Conjurations
  7587 | D:7      | Reached skill level 5 in Stealth
  7982 | D:7      | Reached skill level 5 in Spellcasting
  8042 | D:7      | Reached skill level 5 in Dodging
  8048 | D:7      | Reached skill level 6 in Ice Magic
  8048 | D:7      | Gained mutation: You have a tail ending in a sharp stinger.
                  | [demonic ancestry]
  8048 | D:7      | Reached XP level 9. HP: 26/67 MP: 10/16
  8255 | D:7      | Reached skill level 5 in Fighting
  8427 | D:7      | Found a shimmering altar of Xom.
  8761 | D:7      | Found a shimmering altar of Xom.
  8763 | D:7      | Found a shimmering altar of Xom.
  9280 | D:8      | Noticed a meliai
  9289 | D:8      | Killed a meliai
  9398 | D:8      | Noticed a gargoyle
  9413 | D:8      | Noticed a cyclops
  9512 | D:8      | Noticed a deep elf pyromancer
  9549 | D:8      | Reached skill level 1 in Evocations
  9651 | D:8      | Noticed a boulder beetle
 10040 | D:8      | Noticed an efreet
 10518 | D:9      | Reached ** piety under Vehumet
 10521 | D:9      | Offered knowledge of Sandblast by Vehumet.
 10544 | D:9      | Gained mutation: Your magical and physical power is
                  | slightly enhanced at high health. [demonic ancestry]
 10544 | D:9      | Reached XP level 10. HP: 76/76 MP: 9/19
 10616 | D:9      | Found a staircase to the Lair.
 10814 | D:9      | Found Biqo's Assorted Antiques.
 10883 | D:9      | Found an ornate altar of the Wu Jian Council.
 10896 | D:9      | Found a burning altar of Makhleb.
 10899 | D:9      | Found a sacrificial altar of Ru.
 11012 | D:9      | Reached skill level 7 in Ice Magic
 11331 | D:9      | Offered knowledge of Inner Flame by Vehumet.
 11351 | D:9      | Paralysed by a hornet for 1 turns
 11354 | D:9      | Reached skill level 5 in Conjurations
 11416 | D:9      | Noticed an oklob plant
 11422 | D:9      | Killed an oklob plant
 11422 | D:9      | Reached *** piety under Vehumet
 11692 | D:10     | Entered Level 10 of the Dungeon
 11692 | D:10     | Found Hucsomygg's Assorted Antiques.
 11709 | D:10     | Bought a scroll of identify for 46 gold pieces
 11721 | D:10     | Found a corrupted altar of Lugonu.
 11729 | D:10     | Noticed a sun demon
 11786 | D:10     | Found a flagged portal.
 11803 | Bailey   | Entered a bailey
 11854 | Bailey   | Offered knowledge of Stone Arrow by Vehumet.
 11862 | Bailey   | Learned a level 3 spell: Stone Arrow
 11889 | Bailey   | Reached XP level 11. HP: 81/84 MP: 21/21
 12197 | Bailey   | Found an iron altar of Okawaru.
 12197 | Bailey   | Noticed an orc high priest
 12197 | Bailey   | Noticed an orc high priest
 12203 | Bailey   | Noticed a sun demon
 12207 | Bailey   | Killed an orc high priest
 12208 | Bailey   | Killed an orc high priest
 12300 | Bailey   | Noticed an orc knight
 12461 | Bailey   | Killed an orc knight
 12690 | Bailey   | Reached skill level 5 in Evocations
 12712 | Bailey   | Reached skill level 8 in Ice Magic
 13238 | D:10     | Found a staircase to the Orcish Mines.
 13242 | D:10     | Reached **** piety under Vehumet
 13257 | D:10     | Offered knowledge of Conjure Flame by Vehumet.
 13408 | D:10     | Found an opulent altar of Gozag.
 13812 | D:11     | Noticed a red ugly thing
 13835 | Orc:1    | Entered Level 1 of the Orcish Mines
 13865 | Orc:1    | Noticed an orc sorcerer
 13871 | Orc:1    | Killed an orc sorcerer
 13950 | Orc:1    | Noticed an ettin
 13967 | Orc:1    | Killed an ettin
 14245 | Orc:1    | Found Luonoh's Book Boutique.
 14309 | Orc:2    | Entered Level 2 of the Orcish Mines
 14419 | Orc:2    | Noticed a two-headed ogre
 14437 | Orc:2    | Reached ***** piety under Vehumet
 14509 | Orc:2    | Killed a two-headed ogre
 14749 | Orc:2    | Offered knowledge of Airstrike by Vehumet.
 14956 | Orc:2    | Noticed a two-headed ogre
 14956 | Orc:2    | Noticed an orc knight
 14956 | Orc:2    | Noticed an orc sorcerer
 14964 | Orc:2    | Killed an orc knight
 14964 | Orc:2    | Killed an orc sorcerer
 14965 | Orc:2    | Killed a two-headed ogre
 15023 | Orc:2    | Noticed an orc sorcerer
 15023 | Orc:2    | Noticed an orc knight
 15027 | Orc:2    | Reached XP level 12. HP: 85/94 MP: 19/24
 15040 | Orc:2    | Found Ometekud's Antique Armour Boutique.
 15233 | Orc:2    | Found Tuut's Antique Armour Shop.
 15468 | Orc:2    | Noticed an ogre mage
 15474 | Orc:2    | Killed an ogre mage
 15670 | Orc:2    | Reached skill level 9 in Ice Magic
 15676 | Orc:2    | Noticed a two-headed ogre
 15685 | Orc:2    | Killed a two-headed ogre
 16329 | Orc:2    | Noticed a two-headed ogre
 16334 | Orc:2    | Killed a two-headed ogre
 16581 | Orc:2    | Found a staircase to the Elven Halls.
 16676 | Orc:2    | Noticed an orc high priest
 16969 | Orc:2    | Noticed a two-headed ogre
 16975 | Orc:2    | Killed a two-headed ogre
 17242 | Orc:2    | Noticed an orc high priest
 17280 | Orc:2    | Found Biul Yla's General Store.
 17291 | Orc:2    | Killed an orc high priest
 17386 | Orc:2    | Noticed an orc warlord
 17557 | Orc:2    | Killed an orc warlord
 17829 | Orc:2    | Noticed an orc high priest
 17842 | Orc:2    | Killed an orc high priest
 17966 | Orc:2    | Noticed an orc high priest
 17976 | Orc:2    | Killed an orc high priest
 17977 | Orc:2    | Reached XP level 13. HP: 93/102 MP: 8/26
 18145 | Orc:2    | Found Ziduz's Magic Scroll Emporium.
 18192 | Orc:2    | Bought a scroll of noise for 15 gold pieces
 18192 | Orc:2    | Bought a scroll of identify for 30 gold pieces
 18373 | Orc:2    | Bought a runed hat for 217 gold pieces
 18373 | Orc:2    | Bought a pair of runed gloves for 232 gold pieces
 18451 | Orc:2    | Bought a scroll of amnesia for 56 gold pieces
 18451 | Orc:2    | Bought a potion of flight for 42 gold pieces
 18451 | Orc:2    | Bought 2 potions of lignification for 84 gold pieces
 18451 | Orc:2    | Bought a scroll of enchant armour for 105 gold pieces
 18451 | Orc:2    | Bought a potion of heal wounds for 70 gold pieces
 18507 | Orc:1    | Found Jebboab's Self-Improvement Boutique.
 18910 | Lair:1   | Entered Level 1 of the Lair of Beasts
 19238 | Lair:1   | Reached skill level 10 in Ice Magic
 19336 | Lair:1   | Reached skill level 10 in Fighting
 19342 | Lair:1   | Learned a level 5 spell: Freezing Cloud
 19692 | Lair:1   | You fall into a shaft and drop 1 floor!
 19786 | Lair:2   | Found a hole to the Spider Nest.
 20216 | Lair:2   | Offered knowledge of Fireball by Vehumet.
 20257 | Lair:2   | Found a runed translucent gate.
 20543 | Lair:2   | Found a runed translucent gate.
 20544 | Lair:2   | Found a runed translucent gate.
 20544 | Lair:2   | Noticed diceflayer's ghost (journeyman DsFi)
 20725 | Lair:2   | Identified the +2 leather armour of Brilliance {rF+++ rC+
                  | Will+ Dex-2}
 20737 | Lair:2   | Found a stormy altar of Qazlal.
 20764 | Lair:2   | Identified the amulet "Okhor" {RegenMP Int+3 Stlth+}
 21297 | Lair:3   | Reached skill level 10 in Spellcasting
 21952 | Lair:3   | Reached skill level 10 in Dodging
 22026 | Lair:3   | Identified the +14 plate armour "Pauq" {rC+ rCorr}
 22028 | Lair:3   | Found a staircase to the Shoals.
 22372 | Lair:3   | Noticed Prince Ribbit
 22381 | Lair:3   | Reached skill level 10 in Conjurations
 22383 | Lair:3   | Killed Prince Ribbit
 22527 | Lair:3   | Reached skill level 11 in Ice Magic
 22567 | Lair:3   | Identified the +6 long sword of Afruank {vorpal, rN+}
 22652 | Lair:3   | Learned a level 5 spell: Fireball
 23030 | Lair:4   | Found a gate leading to a gauntlet.
 23045 | Gauntlet | Entered a Gauntlet
 23045 | Gauntlet | Found a transporter.
 23045 | Gauntlet | Found a transporter.
 23057 | Gauntlet | Found a transporter.
 23061 | Gauntlet | Found a transporter.
 23069 | Gauntlet | Found a transporter.
 23073 | Gauntlet | Found a transporter.
 23075 | Gauntlet | Noticed a dire elephant
 23082 | Gauntlet | Found a transporter.
 23098 | Gauntlet | Found a transporter.
 23112 | Gauntlet | Found a transporter.
 23116 | Gauntlet | Found a transporter.
 23124 | Gauntlet | Found a transporter.
 23128 | Gauntlet | Found a transporter.
 23275 | Gauntlet | Killed a dire elephant
 23289 | Gauntlet | Identified the +0 hat "Nafusaluo" {rElec rF+ Will+++ Str-2}
 23665 | Gauntlet | Identified the +6 broad axe "Yhiodel" {vorpal, rElec Will+}
 23665 | Gauntlet | Noticed a minotaur
 23671 | Gauntlet | Killed a minotaur
 23672 | Gauntlet | Reached skill level 12 in Ice Magic
 23672 | Gauntlet | Reached XP level 14. HP: 76/110 MP: 14/28
 23710 | Gauntlet | Identified the +0 buckler "Uczin" {rF++ Str+2}
 23993 | Lair:4   | Reached skill level 1 in Shields
 24408 | Lair:4   | Noticed Kirke
 24419 | Lair:4   | Noticed a sphinx
 24419 | Lair:4   | Killed Kirke
 24489 | Lair:4   | Identified the ring of Coukhad {rPois rC+ Int+2}
 24588 | Lair:4   | Found a runed translucent door.
 24588 | Lair:4   | Found a viscous altar of Jiyva.
 24589 | Lair:4   | Found a staircase to the Slime Pits.
 24675 | Lair:4   | Reached ****** piety under Vehumet
 24684 | Lair:4   | Offered knowledge of Ozocubu's Refrigeration by Vehumet.
 24685 | Lair:4   | Reached skill level 13 in Ice Magic
 24693 | Lair:4   | Learned a level 7 spell: Ozocubu's Refrigeration
 24955 | Lair:5   | Entered Level 5 of the Lair of Beasts
 24959 | Lair:5   | Reached skill level 5 in Shields
 25857 | Lair:5   | Identified the +9 chain mail of the Marlin {Fly rPois
                  | Str+4}
 25868 | Lair:5   | Found a runed translucent door.
 26013 | Lair:5   | Paralysed by a hornet for 1 turns
 26865 | Lair:5   | Reached skill level 14 in Ice Magic
 26887 | Lair:5   | Gained mutation: Your movements are significantly less
                  | encumbered by armour. (ER -6) [demonic ancestry]
 26887 | Lair:5   | Reached XP level 15. HP: 101/115 MP: 4/29
 27386 | D:8      | Identified the +10 shortbow "Feajaxif" {flame, Dex+6}
 27716 | D:11     | Found Berr's Jewellery Emporium.
 27725 | D:11     | Bought a ring of magical power for 200 gold pieces
 28074 | D:11     | Identified the +3 ring mail of the Depths {+Inv rElec
                  | Int+3}
 28408 | D:11     | Offered knowledge of Starburst by Vehumet.
 30732 | D:13     | You fall into a shaft and drop 1 floor!
 30818 | D:14     | Reached skill level 15 in Ice Magic
 31143 | D:13     | Noticed Azrael
 31148 | D:13     | Killed Azrael
 31780 | D:13     | Found a gate to the Vaults.
 31977 | D:14     | Reached skill level 10 in Shields
 32238 | D:14     | Found a transporter.
 32272 | D:14     | Found a transporter.
 32316 | D:14     | Found a transporter.
 32333 | D:14     | Found a transporter.
 32485 | D:15     | Entered Level 15 of the Dungeon
 32667 | D:15     | Found an iron altar of Okawaru.
 33068 | D:15     | Offered knowledge of Spellforged Servitor by Vehumet.
 33581 | D:15     | Got Zassuile's Lessons on the Geologist
 33584 | D:15     | Found Sanulul's Armour Shoppe.
 33617 | D:15     | Found a staircase to the Depths.
 34065 | Shoals:1 | Entered Level 1 of the Shoals
 34478 | Shoals:2 | Found a transporter.
 34480 | Shoals:2 | Found a transporter.
 34844 | Shoals:2 | Gained mutation: You have a sharp stinger which inflicts
                  | weakening toxins. [demonic ancestry]
 34844 | Shoals:2 | Reached XP level 16. HP: 122/122 MP: 31/31
 34932 | Shoals:2 | Learned a level 7 spell: Spellforged Servitor
 34933 | Shoals:2 | Noticed Coyote68's ghost (journeyman BaFi)
 34933 | Shoals:2 | Noticed a kraken
 36092 | Shoals:4 | Entered Level 4 of the Shoals
 36131 | Shoals:4 | Offered knowledge of Lightning Bolt by Vehumet.
 37077 | Shoals:4 | Reached skill level 15 in Spellcasting
 37259 | Shoals:4 | Noticed a sphinx
 37260 | Shoals:4 | Noticed a sphinx
 37263 | Shoals:4 | Killed a sphinx
 37264 | Shoals:4 | Killed a sphinx
 37273 | Shoals:4 | Got a barnacled rune of Zot
 37274 | Shoals:4 | Identified the +1 plate armour of the Endless Expanse
                  | {rPois Slay+2}
 37276 | Shoals:4 | Identified the +10 shortbow "Pireir" {vorpal, Fly SInv}
 38844 | Shoals:1 | Gained mutation: You sometimes gain a little power by
                  | taking damage. [demonic ancestry]
 38844 | Shoals:1 | Reached XP level 17. HP: 107/129 MP: 26/36
 39069 | Shoals:1 | Found Foplaykk's Antique Armour Shop.
 39070 | Shoals:1 | Noticed Josephine
 39073 | Shoals:1 | Offered knowledge of Eringya's Noxious Bog by Vehumet.
 39078 | Shoals:1 | Killed Josephine
 39407 | Spider:1 | Entered Level 1 of the Spider Nest
 39944 | Spider:1 | Noticed Louise
 40052 | Spider:1 | Killed Louise
 42340 | Spider:3 | Reached skill level 16 in Ice Magic
 42342 | Spider:3 | Offered knowledge of Fire Storm by Vehumet.
 42342 | Spider:3 | Offered knowledge of Chain Lightning by Vehumet.
 42342 | Spider:3 | Offered knowledge of Polar Vortex by Vehumet.
 42940 | Spider:3 | Identified the +0 pair of boots "Wuen" {Will+ Int+2 Dex-4}
 43324 | Spider:3 | Found a hide-covered altar of Uskayaw.
 43594 | Spider:4 | Entered Level 4 of the Spider Nest
 43873 | Spider:4 | Noticed Arachne
 43886 | Spider:4 | Killed Arachne
 44133 | Spider:4 | Slain by an emperor scorpion simulacrum

Illustrated notes

Levels and vault maps discovered:
D:1:      lightli_arrival_lavapool, layout_basic, serial_shops, shop_fountains,
          shop, nicolae_shop_trees,
          hellmonk_ecumenical_altar_pennies_from_heaven
D:2:      layout_loops_ring, minmay_hexomino_c4
D:3:      layout_basic, mainiacjoe_overflow_surrounded_room,
          mainiacjoe_overflow_big_doors, serial_shops, shop,
          kennysheep_generic_room_6
D:4:      layout_layer_cave, uniq_duvessa
D:5:      layout_loops_ring, jmf_multi_god_temple2, temple_statues,
          serial_shops, shop
D:6:      layout_cave_pods, nemelex_spade_bored_becter, chequers_jeans,
          nicolae_shop_fire_sale [nicolae_sub_dead_trees],
          hellmonk_bongcloud_opening, item_on_display_a, uniq_menkaure
D:7:      layout_cave_pools, xom_shifter_show, serial_undead, serial_undead_c,
          serial_undead_a, serial_undead_f, serial_undead_a
D:8:      minmay_cut_squares, layout_basic, mainiacjoe_overflow_paths
D:9:      layout_roguey, minitemple, due_lair_maze_entry_diamond, serial_shops,
          shop, introduction_to_nature_1
D:10:     kennysheep_kobold_lugonu_temple, layout_loops_ring,
          mainiacjoe_overflow_cross_hatched, hiddenorc2_lemuel, serial_shops,
          shop, enter_bailey_2
D:11:     layout_gridville, serial_shops, nicolae_shop_advertising_works
          [nicolae_subvault_shop_adworks]
D:12:     layout_basic, serial_co_window_serial, co_window_paths_a,
          co_window_paths_a, co_window_corner_a, co_window_corner_a,
          co_window_paths_a, co_window_corner_a, co_window_corner_a,
          co_window_cross_1, co_window_paths_a, co_window_of_opportunity_b,
          co_window_corner_ca, co_window_unsneaky_path_a, co_window_cross_3,
          co_window_unsneaky_path_b, co_window_unsneaky_path_e,
          co_window_unsneaky_path_d, glass_columns_b
D:13:     layout_basic, david_vaults_4, uniq_azrael
D:14:     layout_small_grid, hangedman_glass_teeth,
          nicolae_transporter_intersection
D:15:     hangedman_depths_entry_civil_slaughter, layout_long_grid,
          lemuel_coloured_pillars_altar, serial_shops, nicolae_shop_behind_doors
Temple:   hellmonk_temple_forest_ring
Lair:1:   layout_cave_pods, beast_lair_carwin_1
Lair:2:   layout_layer_cave, spider_nest_entry_a, basic_altar,
          gammafunk_ghost_hydra_chop, lemuel_fruit_fields, grunt_megastairs_2,
          infiniplex_staircase_pool_2
Lair:3:   statuecave_lemuel, layout_chaotic_city, minmay_shoals_entry_beasts,
          lemuel_fruit_fields, infiniplex_staircase_pool, uniq_prince_ribbit2
Lair:4:   layout_hall_layers, slime_entry_2, gauntlet_entry_generic,
          serial_bayou_pond_b, uniq_kirke
Lair:5:   guppyfry_lair_end_dragon, layout_misc_corridors, wormcave,
          lemuel_fruit_fields
Shoals:1: layout_shoals, serial_shops, shop, uniq_josephine
Shoals:2: layout_shoals, ebering_ghost_davey_jones
Shoals:3: layout_shoals, nicolae_shoals_nymph_descending_staircase
Shoals:4: shoals_end_hellmonk_lost_city, serial_shops
Spider:1: layout_spider_delve, uniq_louise
Spider:2: layout_cave_pods
Spider:3: nicolae_spider_mines_2, nicolae_spider_altar_of_dancing
Spider:4: spider_rune_water, uniq_roxanne, uniq_arachne
Orc:1:    layout_diamond_mine, serial_shops, shop, nicolae_shop_self_help
Orc:2:    pubby_orc_utopia

Skill      XL: |  1  2  3  4  5  6  7  8  9 10 11 12 13 14 15 16 17 |
---------------+----------------------------------------------------+-----
Stealth        | 2 3 4 5 |  5.0
Dodging        | 2 3 4 5 6 8 9 10 12 | 12.2
Fighting       | 1 2 3 4 6 7 8 9 10 12 | 12.6
Ice Magic      | 4 5 6 7 8 9 12 14 15 16 | 16.4
Spellcasting   | 3 4 5 6 8 9 10 11 15 | 15.0
Conjurations   | 2 4 5 7 8 10 | 10.0
Evocations     | 2 4 5 |  5.0
Shields        | 7 10 | 10.0

Action                   |  1- 3 |  4- 6 |  7- 9 | 10-12 | 13-15 | 16-18 || total
-------------------------+-------+-------+-------+-------+-------+-------++-------
Melee: Dagger            |    33 |    38 |       |       |       |       ||    71
       Unarmed           |     1 |       |       |       |       |       ||     1
       Tailslap          |     2 |    15 |    79 |    74 |   134 |    41 ||   345
       Punch             |       |     2 |     3 |     7 |     3 |       ||    15
       Rapier            |       |    56 |   283 |       |   339 |   243 ||   921
       Short sword       |       |       |   137 |   393 |   218 |       ||   748
 Cast: Freeze            |    34 |    41 |    16 |    26 |    23 |       ||   140
       Frozen Ramparts   |       |     1 |    15 |    38 |    23 |     1 ||    78
       Ozocubu's Armour  |       |     1 |    19 |    29 |    20 |     2 ||    71
       Hailstorm         |       |       |       |    65 |    34 |     2 ||   101
       Stone Arrow       |       |       |       |    52 |   191 |    33 ||   276
       Freezing Cloud    |       |       |       |       |    14 |       ||    14
       Ozocubu's Refrige |       |       |       |       |   122 |   287 ||   409
       Fireball          |       |       |       |       |     2 |     9 ||    11
 Abil: Evoke Blink       |       |       |     1 |     4 |     5 |     1 ||    11
Evoke: Wand              |       |       |       |     3 |     2 |    19 ||    24
       Phial of floods   |       |       |       |     1 |     1 |       ||     2
       Phantom mirror    |       |       |       |       |     2 |       ||     2
       Condenser vane    |       |       |       |       |     1 |     1 ||     2
       Lightning rod     |       |       |       |       |       |     8 ||     8
  Use: Scroll            |       |       |    11 |     6 |    20 |     2 ||    39
       Potion            |       |       |     1 |     4 |     2 |    15 ||    22
 Stab: Sleeping          |     2 |     9 |     9 |     8 |     9 |     1 ||    38
       Invisible         |       |       |     3 |     3 |       |       ||     6
Armor: Leather armour    |     9 |    35 |   239 |   137 |   301 |   125 ||   846
       Skin              |       |       |       |       |       |    13 ||    13
Dodge: Dodged            |    49 |    78 |   428 |   400 |   648 |   385 ||  1988
Block: Buckler           |       |       |       |       |   137 |   142 ||   279
